AoeStats
← Random

Arena

504417312Analyzed
4v4 RM · 27d ago on Sep 5, 2026· 35m 2s· 8 players
Game mode
Random Map
Map size
Large (8 player)
Population
200
Speed
Normal
Resources
Standard
Victory
Conquest
Starting age
Dark Age
Ending age
Imperial Age
RankedLock teamsTeams togetherTeam positionsShared explorationLock speedFull tech treeHidden civsTurbo modeCheats
Victory
Defeat
🇻🇳 Spanish · Vietnam
1633
+14
🇻🇳 Persians · Vietnam
1533
+18
🇺🇸 Shu · United States
1527
+19
🇻🇳 Franks · Vietnam
1493
+20
🇲🇽 Cumans · Mexico
1810
-26
🇲🇽 Spanish · Mexico
1684
-22
🇲🇽 Turks · Mexico
1471
-13
🇲🇽 Burgundians · Mexico
1394
-18
luanb10
10:43 Feudal Age
14:31 Castle Age
13:53 Double-Bit Axe
24:32 Wheelbarrow
25:12 Bow Saw
25:47 Fletching
27:12 Bodkin Arrow
27:20 Padded Archer Armor
32:50 Husbandry
32:57 Gold Mining
36:48 Imperial Age
34:28 Bodkin Arrow
34:49 Leather Archer Armor
Eagles_SlGiap
10:34 Feudal Age
14:10 Castle Age
12:03 Horse Collar
13:24 Double-Bit Axe
15:41 Wheelbarrow
21:38 Loom
24:02 Bloodlines
23:52 Husbandry
24:54 Scale Barding Armor
25:38 Husbandry
25:53 Heavy Plow
27:15 Forging
32:44 Fletching
34:10 Iron Casting
33:55 Chain Barding Armor
35:23 Chain Barding Armor
37:35 Imperial Age
timembh
10:48 Feudal Age
14:26 Castle Age
12:42 Double-Bit Axe
15:39 Bow Saw
18:50 Loom
22:01 Wheelbarrow
22:52 Gold Mining
25:27 Gold Shaft Mining
28:17 Imperial Age
26:25 Scale Barding Armor
27:00 Husbandry
27:12 Forging
27:51 Chain Barding Armor
27:50 Hand Cart
29:04 Iron Casting
28:21 Cavalier
30:41 Plate Barding Armor
33:23 Blast Furnace
31:45 Paladin
Random
8:56 Feudal Age
8:01 Loom
10:13 Double-Bit Axe
10:08 Horse Collar
13:25 Fletching
20:43 Castle Age
21:38 Bow Saw
21:28 Heavy Plow
28:15 Gold Mining
28:31 Town Watch
33:51 Gold Shaft Mining
Duaaa
5:22 Double-Bit Axe
8:26 Horse Collar
12:10 Feudal Age
15:49 Castle Age
14:39 Bow Saw
18:26 Two-Man Saw
19:53 Sanctity
21:49 Wheelbarrow
22:58 Loom
24:08 Fervor
25:03 Hand Cart
28:55 Imperial Age
26:50 Gold Mining
28:10 Gold Shaft Mining
29:04 Scale Barding Armor
29:10 Forging
29:09 Husbandry
28:51 Cavalier
Sigfridito_aoe
9:57 Loom
12:23 Feudal Age
16:49 Castle Age
15:38 Double-Bit Axe
16:58 Fletching
20:47 Gold Mining
26:05 Padded Archer Armor
28:41 Husbandry
29:14 Leather Archer Armor
29:55 Bloodlines
31:58 Horse Collar
33:07 Bow Saw
Walmart
11:10 Feudal Age
14:57 Loom
17:14 Castle Age
16:35 Double-Bit Axe
16:31 Horse Collar
VENON FRIDA
8:13 Feudal Age
9:05 Double-Bit Axe
10:20 Horse Collar
19:54 Castle Age
19:57 Wheelbarrow
20:02 Capped Ram
20:59 Bow Saw
24:41 Hand Cart
24:30 Heavy Plow
27:25 Loom
27:26 Town Watch
27:55 Gold Mining
32:48 Imperial Age
30:47 Fletching
30:57 Padded Archer Armor
31:18 Scale Barding Armor
31:23 Forging
32:28 Bloodlines
32:52 Cavalier
34:04 Chain Barding Armor
34:20 Iron Casting
34:06 Conscription
34:29 Paladin
35:45 Plate Barding Armor
Connection lost

Rejoining the realm…

Still unreachable

The connection could not be restored.

Session expired

The server has moved on; the page needs a fresh start.